 Dungeon Crawl Stone Soup version 0.28-a0-906-g0406aca7d3 (webtiles) character file.

Game seed: 3963732311602419766

20196 oldriver the Thaumaturge (level 13, -6/94 HPs)
             Began as a Djinni Conjurer on Nov 24, 2021.
             Was a Priest of Makhleb.
             Mangled by a wraith (9 damage)
             ... on level 12 of the Dungeon.
             The game lasted 00:32:22 (19638 turns).

oldriver the Thaumaturge (Djinni Conjurer)         Turns: 19638, Time: 00:32:23

Health: -6/94      AC:  6    Str:  6    XL:     13   Next: 10%
Gold:   787        EV: 12    Int: 25    God:    Makhleb [***...] SH:  9 Dex: 12

rFire   + + +      SeeInvis .   x - staff of cold
rCold   + . .      Faith    .   H - +0 buckler
rNeg    . . .      Spirit   .   u - +1 robe {rC+}
rPois   ∞          Reflect  +   m - +1 helmet
rElec   .          Harm     .   i - scarf {repulsion}
rCorr   .          Rampage  .   L - +0 pair of gloves
Will    ++...                   (boots unavailable)
Stlth   ++........              D - amulet of reflection
HPRegen 0.25/turn               e - ring of willpower
MPRegen 0.00/turn               o - ring of protection from fire

@: flying, slowed, repel missiles, very slow
A: sickness immunity, fire resistance 2, cold vulnerability 1, float, innate
caster, hp casting, extra vitality 1
a: Renounce Religion, Minor Destruction, Lesser Servant of Makhleb


You were on level 12 of the Dungeon.
You worshipped Makhleb.
Makhleb was most pleased with you.
You visited 3 branches of the dungeon, and saw 16 of its levels.

You collected 787 gold pieces.

Inventory:

Hand Weapons
 h - a +0 short sword of electrocution
 s - a +3 quarterstaff of chaos
Armour
 i - a scarf of repulsion (worn)
 m - a +1 helmet (worn)
 u - a +1 robe of cold resistance (worn)
 F - +2 steam dragon scales
 H - a +0 buckler (worn)
 L - a +0 pair of gloves (worn)
Magical Staves
 x - a staff of cold (weapon)
 B - a staff of conjuration
Jewellery
 a - a ring of resist corrosion
 b - a ring of positive energy
 e - a ring of willpower (left hand)
 g - a +6 ring of dexterity
 o - a ring of protection from fire (right hand)
 D - an amulet of reflection (around neck)
 K - a ring of willpower
 N - a ring of ice
 O - an amulet of faith
 Q - a ring of see invisible
 S - a +6 ring of intelligence
Wands
 l - a wand of flame (79)
 q - a wand of iceblast (20)
 t - a wand of acid (6)
 I - a wand of polymorph (15)
 J - a wand of paralysis (14)
Scrolls
 d - 3 scrolls of teleportation
 j - 5 scrolls of identify
 p - 4 scrolls of enchant weapon
 v - 2 scrolls of vulnerability
 y - 2 scrolls of magic mapping
 M - 3 scrolls of blinking
 P - a scroll of enchant armour
Potions
 c - a potion of degeneration {unknown}
 f - a potion of flight
 k - a potion of magic {unknown}
 n - 2 potions of berserk rage {unknown}
 r - a potion of might
 w - 3 potions of brilliance {unknown}
 z - 4 potions of cancellation {unknown}
 A - 3 potions of lignification {unknown}
 G - 4 potions of haste {unknown}


   Skills:
 * Level 9.5 Fighting
 + Level 0.1 Staves
 - Level 2.1 Dodging
 - Level 1.5 Stealth
 + Level 2.4 Shields
 + Level 14.5 Spellcasting


You had 9 spell levels left.
You knew the following spells:

 Your Spells              Type           Power      Damage    Failure   Level
a - Magic Dart            Conj           100%       1d8       0%          1
b - Searing Ray           Conj           100%       2d8       0%          2
c - Dazzling Flash        Conj/Hex       100%       N/A       1%          3
d - Fulminant Prism       Conj/Hex       37%        3d18      1%          4
e - Iskenderun's Mystic   Conj/Tloc      74%        2d15      1%          4
f - Slow                  Hex            100%       N/A       0%          1
g - Scorch                Fire           100%       2d10      0%          2
h - Ensorcelled Hibernat  Hex/Ice        100%       N/A       0%          2
i - Airstrike             Air            37%        N/A       1%          4
j - Cause Fear            Hex            37%        N/A       1%          4
k - Manifold Assault      Tloc           74%        N/A       1%          5
Your spell library was empty.

Dungeon Overview and Level Annotations

Branches:
Dungeon (12/15)            Temple (1/1) D:4            Lair (3/6) D:8
  Snake (0/4) Lair:3
  Swamp: Lair:2-4    Shoals: Lair:2-4       Orc: D:9-12

Altars:
Ashenzari
Cheibriados
Dithmenos
Elyvilon
Fedhas
Gozag
Hepliaklqana
Kikubaaqudgha
Makhleb
Nemelex Xobeh
Okawaru
Qazlal
Ru
Sif Muna
Trog
Uskayaw
Vehumet
Wu Jian
Xom
Yredelemnul
Zin
The Shining One

Annotations:
D:5 2 transporters, McGhostyFace's ghost, weakling GnDe
D:11 Fannar


Innate Abilities, Weirdness & Mutations

You are immune to sickness and miasma.
You are immune to poison.
Your flesh is very heat resistant. (rF++)
You are vulnerable to cold. (rC-)
You float through the air rather than walking.
You learn spells naturally, not from books.
Your magical power is your life essence.
You have superior vitality. (+4 HP)


Message History

Aim: a wraith (severely damaged, empty space bonus: 6/8)
The air twists around and strikes the wraith!!
You destroy the wraith!
Makhleb accepts your kill.
You feel better. The wraith hits you!
* * * LOW HITPOINT WARNING * * *
The wraith drains your vigour!
You feel as though you will be slow longer.
Casting: Airstrike (safe; 1% risk of failure)
Confirm with . or Enter, or press ? or * to list all spells.
Aiming: Airstrike (safe; 1% risk of failure)
Press: ? - help, Dir - move target, f - wraith
Aim: a wraith (empty space bonus: 7/8)
The air twists around and strikes the wraith!
The wraith is heavily damaged.
* * * LOW HITPOINT WARNING * * *
You block the wraith's attack. x2
Casting: Airstrike (safe; 1% risk of failure)
Confirm with . or Enter, or press ? or * to list all spells.
Aiming: Airstrike (safe; 1% risk of failure)
Press: ? - help, Dir - move target, f/p - wraith
Aim: a wraith (heavily damaged, empty space bonus: 7/8)
The air twists around and strikes the wraith!
The wraith is almost destroyed.
* * * LOW HITPOINT WARNING * * *
The wraith hits you!
* * * LOW HITPOINT WARNING * * *
Okay, then.
Casting: Airstrike (safe; 1% risk of failure)
Confirm with . or Enter, or press ? or * to list all spells.
You don't have enough health to cast this spell.
Unknown command.
Casting: Airstrike (safe; 1% risk of failure)
Confirm with . or Enter, or press ? or * to list all spells.
Okay, then.
Unknown command.
It was a potion of flight.
You feel more buoyant. The wraith hits you!
You die...

#.......#
#.......+
#.......#
#.......#
#.......#
#.......#
####.......#
#.....@....#
#.....W....#
#..........#
#..........#
#......(...#
#....###+#.#
...... .#
...... #


You could see a wraith.

Vanquished Creatures
  Erica (Lair:2)
  A wizard (D:9)
  Pikel (D:7)
  A manticore (D:10)
  A black mamba (Lair:3)
  5 cane toads
  4 gargoyles
  A rime drake (Lair:1)
  A komodo dragon (Lair:3)
  2 trolls (D:11)
  Grinder (D:3)
  3 hornets
  5 blink frogs (Lair:3)
  A vampire (D:12)
  A wraith (D:12)
  36 yaks
  A steam dragon (D:7)
  2 wyverns
  3 vampire mosquitoes (D:11)
  Grum (D:11)
  6 nagas (Lair:3)
  9 water moccasins
  An acid dragon (D:11)
  2 sky beasts
  2 black bears
  2 ice beasts
  A necrophage (D:6)
  2 orc warriors
  3 ogres
  3 centaurs
  A phantom (D:5)
  9 wolves
  3 lemures (D:7)
  2 kobold brigands
  9 bullfrogs
  A water moccasin zombie (D:5)
  3 scorpions
  2 water moccasin skeletons
  4 killer bees (D:7)
  3 wights (D:9)
  6 howler monkeys
  A crimson imp (D:9)
  A bullfrog zombie (D:5)
  A jelly (D:5)
  2 orc priests
  Crazy Yiuf (D:2)
  4 hounds
  2 bullfrog skeletons (D:6)
  3 centaur skeletons
  Ijyb (D:3)
  Terence (D:3)
  2 iguanas
  10 orc wizards
  A scorpion zombie (D:5)
  A howler monkey zombie (D:6)
  Robin (D:3)
  7 adders
  A shadow imp (D:5)
  A worm (D:2)
  7 dart slugs
  31 orcs
  9 ball pythons
  3 bats
  6 endoplasms
  A giant cockroach (D:2)
  14 goblins
  12 hobgoblins
  4 jackals (D:2)
  3 quokkas
  4 frilled lizards
  9 kobolds
  A rat (D:2)
  A fulminant prism (D:11)
292 creatures vanquished.

Vanquished Creatures (others)
  A hobgoblin (D:3)
  14 fungi
  11 plants
26 creatures vanquished.

Grand Total: 318 creatures vanquished

Notes
Turn   | Place    | Note
-------+----------+-------------------------------------------
     0 | D:1      | oldriver the Djinni Conjurer began the quest for the Orb.
     0 | D:1      | Reached XP level 1. HP: 15/15 MP: 0/0
   275 | D:1      | Found a faded altar of an unknown god.
   344 | D:1      | Reached XP level 2. HP: 19/22 MP: 0/0
   834 | D:1      | Reached XP level 3. HP: 18/26 MP: 0/0
   834 | D:1      | Learned a level 1 spell: Slow
  1317 | D:2      | Reached skill level 1 in Fighting
  1489 | D:2      | Reached skill level 4 in Spellcasting
  1589 | D:2      | Reached XP level 4. HP: 28/32 MP: 0/0
  2162 | D:2      | Found a runed translucent door.
  2163 | D:2      | Noticed Crazy Yiuf
  2385 | D:3      | Reached XP level 5. HP: 35/38 MP: 0/0
  2385 | D:3      | Learned a level 2 spell: Scorch
  2385 | D:3      | Noticed Robin
  2585 | D:3      | Killed Robin
  2878 | D:3      | Noticed Grinder
  2890 | D:3      | Killed Grinder
  2891 | D:3      | Reached skill level 5 in Spellcasting
  2891 | D:3      | Reached XP level 6. HP: 30/45 MP: 0/0
  3213 | D:3      | Found a snail-covered altar of Cheibriados.
  3219 | D:3      | Noticed Terence
  3235 | D:3      | Killed Terence
  3342 | D:3      | Found a white marble altar of Elyvilon.
  3561 | D:3      | Noticed Ijyb
  3570 | D:3      | Killed Ijyb
  3571 | D:3      | Reached XP level 7. HP: 33/49 MP: 0/0
  3571 | D:3      | Learned a level 2 spell: Ensorcelled Hibernation
  3875 | D:2      | Killed Crazy Yiuf
  3954 | D:4      | Found a hide-covered altar of Uskayaw.
  4157 | D:4      | Found a staircase to the Ecumenical Temple.
  4175 | D:4      | Reached skill level 6 in Spellcasting
  4433 | Temple   | Entered the Ecumenical Temple
  4492 | Temple   | Became a worshipper of Makhleb the Destroyer
  4604 | D:4      | Reached XP level 8. HP: 44/56 MP: 0/0
  5152 | D:5      | Entered Level 5 of the Dungeon
  5467 | D:5      | Reached skill level 7 in Spellcasting
  5629 | D:5      | Noticed McGhostyFace's ghost (weakling GnDe)
  5630 | D:5      | Found a transporter.
  6343 | D:6      | Reached XP level 9. HP: 58/63 MP: 0/0
  6343 | D:6      | Learned a level 4 spell: Airstrike
  6351 | D:6      | Noticed a gargoyle
  6367 | D:5      | Found a transporter.
  6419 | D:6      | Reached skill level 8 in Spellcasting
  6632 | D:6      | Reached * piety under Makhleb
  6766 | D:6      | Reached skill level 5 in Fighting
  7091 | D:6      | Found the +7 great mace "Undeadhunter" {disrupt, rN+}
  7185 | D:6      | Reached skill level 9 in Spellcasting
  7404 | D:6      | Killed a gargoyle
  7741 | D:7      | Reached XP level 10. HP: 59/72 MP: 0/0
  8067 | D:7      | Found a broken altar of Ashenzari.
  8071 | D:7      | Saw a vision of the Swamp and the Snake Pit.
  8071 | D:7      | Noticed a goliath frog
  8071 | D:7      | Noticed a will-o-the-wisp
  8071 | D:7      | Noticed an alligator
  8071 | D:7      | Noticed a guardian serpent
  8071 | D:7      | Noticed a mana viper
  8071 | D:7      | Noticed a black mamba
  8071 | D:7      | Noticed an anaconda
  8072 | D:7      | Noticed an alligator
  8073 | D:7      | Noticed an alligator
  8253 | D:7      | Reached skill level 10 in Spellcasting
  8658 | D:7      | Noticed Pikel
  8668 | D:7      | Killed Pikel
  8668 | D:7      | Reached ** piety under Makhleb
  8959 | D:7      | Found a sacrificial altar of Ru.
  9583 | D:8      | Found a staircase to the Lair.
  9644 | D:8      | Found an opulent altar of Gozag.
 10406 | D:8      | Reached skill level 11 in Spellcasting
 10584 | D:9      | Noticed a gargoyle
 10590 | D:9      | Killed a gargoyle
 10830 | D:9      | Reached XP level 11. HP: 55/78 MP: 0/0
 10830 | D:9      | Learned a level 4 spell: Cause Fear
 11317 | D:9      | Noticed a wizard
 11320 | D:9      | Killed a wizard
 11597 | Lair:1   | Entered Level 1 of the Lair of Beasts
 11748 | Lair:1   | Reached skill level 12 in Spellcasting
 12192 | Lair:1   | Reached skill level 1 in Shields
 13132 | Lair:1   | Reached *** piety under Makhleb
 13904 | Lair:1   | Identified 2 scrolls of acquirement
 13904 | Lair:1   | Acquired a scarf of repulsion
 13990 | D:10     | Entered Level 10 of the Dungeon
 14041 | D:10     | Found a blossoming altar of Fedhas.
 14264 | D:10     | Found a sparkling altar of Nemelex Xobeh.
 14396 | D:10     | Noticed a manticore
 14402 | D:10     | Killed a manticore
 14615 | D:10     | Reached XP level 12. HP: 68/86 MP: 0/0
 15270 | Lair:2   | Reached skill level 13 in Spellcasting
 15442 | Lair:2   | Noticed Erica
 15461 | Lair:2   | HP: 3/87 [something/lance of force (18)]
 15467 | Lair:2   | Killed Erica
 17823 | Lair:3   | Found a staircase to the Snake Pit.
 17859 | Lair:3   | Reached skill level 14 in Spellcasting
 18438 | Lair:3   | Acquired a staff of conjuration
 18619 | D:11     | Noticed Grum
 18622 | D:11     | Killed Grum
 18841 | D:11     | Reached XP level 13. HP: 93/94 MP: 0/0
 18841 | D:11     | Learned a level 5 spell: Manifold Assault
 19453 | D:11     | Noticed Fannar
 19637 | D:12     | HP: 3/94 [wraith (11)]
 19638 | D:12     | Mangled by a wraith

Illustrated notes

Levels and vault maps discovered:
D:1:      tarquinn_simple_flora_water_a, layout_basic,
          ebering_ecumenical_altar_sacrificial, grunt_decor_resistance,
          minivault_19
D:2:      layout_rooms, hex_tiny, grunt_ministairs_4, minmay_tromino_i2,
          uniq_crazy_yiuf_cottage
D:3:      layout_basic, cheibriados_altar_1, elyvilon_altar_4, uniq_terence,
          uniq_grinder, uniq_ijyb, uniq_robin
D:4:      layout_gridville, nicolae_uskayaw_suspiria, minmay_temple_entry_trees
D:5:      layout_basic, gammafunk_ghost_smash
D:6:      layout_basic, minmay_stone_trees_small
D:7:      layout_basic, nicolae_ru_path_of_blood, grunt_ashenzari_visionary
          [grunt_ashenzari_visionary_swamp, grunt_ashenzari_visionary_snake],
          serial_glass, glass_columns_c, glass_columns_a, glass_columns_a,
          glass_columns_c, glass_columns_a, glass_columns_b, uniq_pikel
D:8:      layout_loops_ring, nicolae_gozag_cash_rules_everything_around_me,
          dpeg_oklobed_lair
D:9:      layout_roguey, lightli_wizard_tower
D:10:     layout_layer_cave, nemelex_spade_bored_becter, fedhas_altar_1
D:11:     layout_rooms, uniq_grum, uniq_fannar
D:12:     layout_irregular_city, orc_david_3,
          hangedman_abyss_or_decor_jellyfish_corner,
          nrook_guardian_serpent_double
Temple:   jpeg_temple_clearing
Lair:1:   layout_loops_ring, serial_bayou_shore_b, grunt_megastairs_2
Lair:2:   layout_loops_ring, uniq_erica
Lair:3:   layout_cave_pods, minmay_snake_entry_guardpost_large,
          chequers_serial_rivers_micro_a, grunt_forest_small_clearings,
          infiniplex_staircase_pool_2

Skill      XL: |  1  2  3  4  5  6  7  8  9 10 11 12 |
---------------+-------------------------------------+-----
Fighting       | 1 2 3 4 5 6 8 9 |  9.5
Spellcasting   | 4 5 6 7 9 11 12 14 | 14.5
Shields        | 1 2 |  2.4
Staves         | |  0.1
Dodging        | |  2.1
Stealth        | |  1.5

Action                   |  1- 3 |  4- 6 |  7- 9 | 10-12 | 13-15 || total
-------------------------+-------+-------+-------+-------+-------++-------
Melee: Staff             |       |       |       |     3 |     5 ||     8
 Cast: Magic Dart        |    45 |    69 |    60 |    14 |       ||   188
       Searing Ray       |     6 |    14 |    25 |    38 |       ||    83
       Slow              |       |     1 |     6 |     1 |       ||     8
       Ensorcelled Hiber |       |       |     4 |       |       ||     4
       Scorch            |       |       |    19 |    37 |       ||    56
       Airstrike         |       |       |    42 |   246 |    24 ||   312
       Cause Fear        |       |       |       |    10 |     3 ||    13
       Fulminant Prism   |       |       |       |     1 |       ||     1
       Manifold Assault  |       |       |       |       |     4 ||     4
  Use: Scroll            |       |       |       |    13 |     4 ||    17
       Potion            |       |       |       |     7 |     2 ||     9
Armor: Robe              |     1 |     1 |     2 |       |       ||     4
       Steam dragon scal |       |       |       |    35 |       ||    35
Dodge: Dodged            |     3 |     8 |    18 |    50 |     4 ||    83
       Repelled          |       |       |       |     1 |     1 ||     2
Block: Buckler           |       |       |       |    53 |     6 ||    59
       Other             |       |       |       |     1 |       ||     1
       Reflection        |       |       |       |     1 |       ||     1

Table legend: (Time is in decaauts)
 A = Elapsed time spent in this place.
 B = Non-inter-level travel time spent in this place.
 C = Inter-level travel time spent in this place.
 D = Time resting spent in this place.
 E = Time spent auto-exploring this place.
 F = Levels seen in this place.
 G = Mean time per level.
                   A        B        C        D        E       F      G
               +--------+--------+--------+--------+--------+-----+--------+
         Total |  19660 |  18582 |   1078 |   6542 |  10245 |  16 | 1228.8 |
       Dungeon |  14504 |  13636 |    868 |   4427 |   7891 |  12 | 1208.7 |
        Temple |    134 |     97 |     37 |      0 |     79 |   1 |  134.0 |
          Lair |   5021 |   4849 |    172 |   2115 |   2275 |   3 | 1673.7 |
               +--------+--------+--------+--------+--------+-----+--------+

Top non-repeatable levels by time:
     D:8: 2084 daAuts
  Lair:3: 1816 daAuts
  Lair:1: 1816 daAuts
     D:2: 1452 daAuts
  Lair:2: 1388 daAuts
     D:7: 1343 daAuts
     D:6: 1323 daAuts
    D:10: 1319 daAuts
     D:1: 1314 daAuts
     D:5: 1290 daAuts
     D:9: 1193 daAuts
     D:3: 1170 daAuts
     D:4: 1080 daAuts
    D:11: 919 daAuts
  Temple: 134 daAuts
